 Dungeon Sprint DCSS version 0.30-a0-371-gad7725a93e (webtiles) character file.

Game seed: 8048582970879185221

583 mhtbhm the Protected (level 7, -8/72 HPs)
             Began as an Armataur Fighter on Nov 20, 2022.
             Was an Initiate of Gozag.
             Mangled by a fire elemental (11 damage)
             ... summoned by a deep elf pyromancer
             ... in the Dungeon (Sprint III: "The Ten Rune Challenge").
             The game lasted 00:01:58 (748 turns).

mhtbhm the Protected (Armataur Fighter)              Turns: 748, Time: 00:01:59

Health: -8/72      AC:  8    Str: 24    XL:     7   Next: 14%
Magic:  7/7        EV:  8    Int:  8    God:    Gozag
Gold:   237        SH:  5    Dex:  9    Spells: 6/6 levels left

rFire   . . .      SeeInvis .    a - +0 flail
rCold   . . .      Faith    .    c - +0 buckler
rNeg    . . .      Spirit   .    b - +0 scale mail
rPois   .          Reflect  .    (no helmet)
rElec   .          Harm     .    (no cloak)
rCorr   .          Roll     +    (no gloves)
Will    .....      NoTele   +    (no barding)
Stlth   ..........               (no amulet)
HPRegen 0.32/turn                (no ring)
MPRegen 0.10/turn                (no ring)

@: no status effects
A: large, rugged brown scales 3, deformed body, armoured tail, roll, long
tongue, awkward tongue
a: Renounce Religion, Potion Petition, Call Merchant, Bribe Branch


You were in the Dungeon.
You worshipped Gozag.
Gozag was aware of your devotion.
You visited 1 branch You collected 237 gold pieces.

Inventory:

Hand Weapons
 a - a +0 flail (weapon)
Armour
 b - a +0 scale mail (worn)
 c - a +0 buckler (worn)
Scrolls
 d - a scroll of torment
 e - a scroll of identify
 k - a scroll of poison {unknown}
Potions
 f - 4 potions of flight
 h - 2 potions of magic
 l - 5 potions of mutation
Miscellaneous
 g - a phantom mirror


   Skills:
 + Level 8.1 Fighting
 + Level 7.5 Maces & Flails
 + Level 10.4 Armour
 + Level 0.8 Dodging
 + Level 7.5 Shields


You had 6 spell levels left.
You didn't know any spells.
Your spell library contained the following spells:

 Spells                   Type           Power      Damage    Failure   Level
 Foxfire                  Conj/Fire      0%         2x1d4     71%         1
 Fireball                 Conj/Fire      0%         3d3       100%        5
 Starburst                Conj/Fire      0%         6d3       100%        6


Dungeon Overview and Level Annotations

Branches:
Dungeon (1/1)

Altars:
Cheibriados
Dithmenos
Elyvilon
Fedhas
Gozag
Hepliaklqana
Kikubaaqudgha
Makhleb
Nemelex Xobeh
Qazlal
Ru
Sif Muna
Vehumet
Xom
Yredelemnul
Zin
The Shining One
Jiyva
Lugonu


Innate Abilities, Weirdness & Mutations

You are completely covered in rugged brown scales. (AC +3, +7% HP)
Armour fits poorly on your strangely shaped body.
You have a long armoured tail.
You roll when moving toward enemies. (Rampage)
Your long tongue fully drains potion bottles. (2x potion effects)
Your tongue gives you trouble enunciating. (1.5x scroll delay)


Message History

You sock the deep elf pyromancer!
The deep elf pyromancer is moderately wounded.
The deep elf pyromancer hits you with a +0 long sword of holy wrath.
The fire elemental completely misses you.
The fire elemental hits you. The fire elemental burns you!
You block the fire elemental's attack.
You hit the deep elf pyromancer.
The deep elf pyromancer is heavily wounded.
The fire elemental hits you. The fire elemental burns you!
You block the fire elemental's attack. The fire elemental hits you.
The fire elemental burns you!
The deep elf pyromancer completely misses you.
The fire elemental completely misses you.
The fire elemental barely misses you. The fire elemental hits you.
The fire elemental burns you!
The deep elf pyromancer completely misses you.
Okay, then.
Blink to where?
Press: ? - help, Dir - move target
Okay, then.
Blink to where?
Press: ? - help, Dir - move target As you slowly read the scroll of blinking, it crumbles to dust.
There is an open door here.
You hit the fire elemental but do no damage.
You tail-slap the fire elemental.
The fire elemental is lightly damaged.
The fire elemental hits you. The fire elemental burns you!
* * * LOW HITPOINT WARNING * * *
Unknown command.
Okay, then.
As you slowly read the scroll labelled WUFAHA UKLESUWN, it crumbles to dust.
It is a scroll of identify.
d - a scroll of torment The fire elemental closely misses you.
The fire elemental barely misses you. The fire elemental hits you.
The fire elemental burns you!
* * * LOW HITPOINT WARNING * * *
The fire elemental hits you. The fire elemental burns you!
You die...
Your body crumbles into a pile of gold.

.♣♣ ♣.##### #### $ $
$ ..♣ ♣.#☼E_# #__#$$
$ $ $ .♣♣ ♣♣.#e§☼#
#._# $ $
~.♣♣♣..###☼#+###'##
$$
~..♣♣♣.#...E......#
$
~~.♣♣..'.⌠..°°E°☼.#
$ $$$
≈~~~...#...######E#$
$ $ $
~~~....#.⌠.#__#.EE#
~~.....#)..#__#.@.#
.......#'###__#...#
.......#)..#__#...+
.......#___#__'...#
▓▓▓▓▓▓▓▓▓▓▓▓▓▓▓▓▓▓▓


You could see 3 fire elementals.

Vanquished Creatures
  A shadow (D)
  A spatial vortex (D)
  A necrophage (D)
  A water elemental (D)
  A scorpion (D)
  A jelly (D)
  Jessica (D)
  A wizard (D)
  A necromancer (D)
  A human (D)
  A kobold demonologist (D)
  An endoplasm (D)
  A rat (D)
13 creatures vanquished.

Notes
Turn   | Place    | Note
-------+----------+-------------------------------------------
     0 | D        | mhtbhm the Armataur Fighter began the quest for the Orb.
     0 | D        | Reached XP level 1. HP: 19/19 MP: 1/1
     5 | D        | Reached skill level 4 in Armour
    10 | D        | Noticed Jessica
    15 | D        | Killed Jessica
    16 | D        | Reached skill level 5 in Armour
    16 | D        | Reached XP level 2. HP: 16/28 MP: 2/2
    93 | D        | Reached skill level 6 in Armour
    93 | D        | Reached skill level 5 in Shields
    93 | D        | Reached XP level 3. HP: 17/36 MP: 3/3
    98 | D        | Noticed a scorpion
   104 | D        | Killed a scorpion
   105 | D        | Reached skill level 5 in Fighting
   105 | D        | Reached skill level 7 in Armour
   105 | D        | Reached XP level 4. HP: 9/44 MP: 4/4
   247 | D        | Noticed a water elemental
   251 | D        | Killed a water elemental
   252 | D        | Reached skill level 8 in Armour
   252 | D        | Reached XP level 5. HP: 53/53 MP: 5/5
   392 | D        | Noticed a shadow
   402 | D        | Killed a shadow
   403 | D        | Reached skill level 9 in Armour
   403 | D        | Reached XP level 6. HP: 27/64 MP: 6/6
   408 | D        | Found a blossoming altar of Fedhas.
   408 | D        | Found a stormy altar of Qazlal.
   408 | D        | Found a snail-covered altar of Cheibriados.
   408 | D        | Found a burning altar of Makhleb.
   408 | D        | Found a shimmering altar of Xom.
   408 | D        | Noticed a spatial vortex
   409 | D        | Found a hazy altar of Hepliaklqana.
   409 | D        | Found an opulent altar of Gozag.
   409 | D        | Found a sparkling altar of Nemelex Xobeh.
   409 | D        | Found a corrupted altar of Lugonu.
   409 | D        | Found a viscous altar of Jiyva.
   417 | D        | Killed a spatial vortex
   418 | D        | Reached skill level 10 in Armour
   421 | D        | Became a worshipper of Gozag Ym Sagoz the Greedy
   623 | D        | Found a shadowy altar of Dithmenos.
   630 | D        | Reached XP level 7. HP: 49/71 MP: 7/7
   630 | D        | Found a basalt altar of Yredelemnul.
   630 | D        | Found a sacrificial altar of Ru.
   709 | D        | Found a radiant altar of Vehumet.
   712 | D        | Found a shimmering blue altar of Sif Muna.
   714 | D        | Found an ancient bone altar of Kikubaaqudgha.
   736 | D        | Found a glowing silver altar of Zin.
   736 | D        | Found a glowing golden altar of the Shining One.
   736 | D        | Found a white marble altar of Elyvilon.
   736 | D        | Noticed a deep elf pyromancer
   737 | D        | Noticed a fire elemental
   738 | D        | Noticed a fire elemental
   738 | D        | Noticed a fire elemental
   748 | D        | HP: 3/72 [fire elemental[a deep elf pyromancer] (13)]
   748 | D        | Mangled by a fire elemental

Illustrated notes

Levels and vault maps discovered:
D:        dungeon_sprint_mu [sprint_mu_entry_forest, sprint_mu_temple_rooms,
          sprint_mu_d1_horrors, sprint_mu_d2_genie, sprint_mu_d3_branching,
          sprint_mu_orc_legion, sprint_mu_elf_gauntlet, sprint_mu_hive_nellie,
          sprint_mu_lair_fedhas, sprint_mu_vaults_butterflies,
          sprint_mu_slime_circle, sprint_mu_shoals_kraken,
          sprint_mu_snake_twists, sprint_mu_blade_basic, sprint_mu_crypt_lich,
          sprint_mu_tomb_spiral, sprint_mu_vestibule_basic,
          sprint_mu_gehenna_hellfire, sprint_mu_dis_giant,
          sprint_mu_tartarus_statrot, sprint_mu_cocytus_islands, sprint_mu_zot1]

Skill      XL: |  1  2  3  4  5  6  7 |
---------------+----------------------+-----
Fighting       | 4 5 6 7 8 |  8.1
Armour         | 5 6 7 8 9 10 | 10.4
Maces & Flails | 2 3 4 6 7 |  7.5
Shields        | 4 5 6 7 |  7.5
Dodging        | |  0.8

Action                   |  1- 3 |  4- 6 |  7- 9 || total
-------------------------+-------+-------+-------++-------
Melee: Flail             |    25 |    28 |    14 ||    67
       Tailslap          |     2 |     2 |     4 ||     8
  Use: Potion            |     3 |     2 |       ||     5
       Scroll            |       |       |     2 ||     2
Armor: Scale mail        |     4 |     6 |     9 ||    19
Dodge: Dodged            |     7 |     3 |    11 ||    21
Block: Buckler           |     4 |     1 |     4 ||     9

Table legend: (Time is in decaauts)
 A = Elapsed time spent in this place.
 B = Non-inter-level travel time spent in this place.
 C = Inter-level travel time spent in this place.
 D = Time resting spent in this place.
 E = Time spent auto-exploring this place.
 F = Levels seen in this place.
 G = Mean time per level.
                   A        B        C        D        E       F      G
               +--------+--------+--------+--------+--------+-----+--------+
         Total |    756 |    756 |      0 |    505 |      1 |   1 |  756.0 |
       Dungeon |    756 |    756 |      0 |    505 |      1 |   1 |  756.0 |
               +--------+--------+--------+--------+--------+-----+--------+

Top non-repeatable levels by time:
       D: 756 daAuts
